 Dungeon Crawl Stone Soup version 0.27-a0-1434-g6f15984924 (webtiles) character file.

Game seed: 13169621516206178431

21 funkygono the Skirmisher (level 2, 0/27 HPs)
             Began as a Hill Orc Fighter on July 2, 2021.
             Succumbed to a goblin's poison
             ... on level 2 of the Dungeon on July 3, 2021.
             The game lasted 00:02:30 (1278 turns).

funkygono the Skirmisher (Hill Orc Fighter)         Turns: 1278, Time: 00:02:30

Health: 0/27       AC:  9    Str: 18    XL:     2   Next: 87%
Magic:  2/2        EV:  5    Int:  8    God:
Gold:   77         SH:  9    Dex: 10    Spells: 1/1 levels left

rFire    . . .     SeeInvis .   a - +0 flail
rCold    . . .     Faith    .   c - +0 kite shield
rNeg     . . .     Spirit   .   f - +0 chain mail
rPois    .         Reflect  .   (no helmet)
rElec    .         Harm     .   (no cloak)
rCorr    .         Rampage  .   (no gloves)
Will     .....                  (no boots)
Stlth    ..........             (no amulet)
HPRegen  0.09/turn              (no ring)
MPRegen  0.08/turn              (no ring)

@: lethally poisoned (0 -> -5)
A: no striking features
a: no special abilities


You were on level 2 of the Dungeon.
You visited 1 branch of the dungeon, and saw 2 of its levels.

You collected 77 gold pieces.

Inventory:

Hand Weapons
 a - a +0 flail (weapon)
Missiles
 g - 2 stones (quivered)
Armour
 c - a +0 kite shield (worn)
 f - a +0 chain mail (worn)
Scrolls
 b - a scroll of identify {unknown}
Potions
 d - a potion of might
 e - a potion of flight {unknown}


   Skills:
 + Level 4.0 Fighting
 + Level 2.6 Maces & Flails
 + Level 3.7 Armour
 + Level 3.4 Shields


You had one spell level left.
You didn't know any spells.
Your spell library was empty.

Dungeon Overview and Level Annotations

Branches:
Dungeon (2/15)

Altars:

Shops:
D:1 =


Message History

You thump the kobold!
You kill the kobold!
You see here a +0 whip.
You now have 77 gold pieces (gained 9).
You see here a +0 whip.
A goblin comes into view. It is wielding a +1 dagger of venom.
The goblin shouts!
A goblin comes into view. It is wielding a +0 club.
The goblin hits you with a +1 dagger of venom.
You are poisoned.
You feel sick.
You feel sick.
You feel sick.
You hit the goblin but do no damage.
You feel sick. The goblin hits you but does no damage.
You are more poisoned.
You block the goblin's attack.
Your chain mail prevents you from hitting the goblin.
You feel very sick. The goblin hits you but does no damage.
You are more poisoned.
The goblin barely misses you.
You closely miss the goblin.
You feel very sick. You block the goblin's attack.
You closely miss the goblin.
You feel very sick.
The goblin hits you with a +1 dagger of venom.
* * * LOW HITPOINT WARNING * * *
The goblin hits you but does no damage.
You are lethally poisoned!
You sock the goblin!
You kill the goblin!
* * * LOW HITPOINT WARNING * * *
You feel very sick.
You hit the goblin.
You kill the goblin!
* * * LOW HITPOINT WARNING * * *
You feel very sick.
You die...

#.#.# #.#.# #.# #.#.###
#.# ####.#.#.##### #.##
........<..... ...#
.###.#.#.####### #..# # .#
#.#.#.#####.# #..# ..#
.###.#.#.......###..#....#
.....#..).......@.........
<#.#.#########.###..#....#
.#.#... #.# #..# ..#
.#.##### #.# #..# # .#.#
#.# #..# .#.# #.# #..#
.#.# #.# #..# .#.. ...
#..# .# ###


There were no monsters in sight!

Vanquished Creatures
  A dart slug (D:1)
  2 endoplasms (D:1)
  A giant cockroach (D:1)
  3 goblins
  A hobgoblin (D:1)
  2 quokkas (D:1)
  4 ball pythons (D:1)
  2 frilled lizards (D:1)
  2 kobolds
  A rat (D:1)
19 creatures vanquished.

Notes
Turn   | Place    | Note
-------+----------+-------------------------------------------
     0 | D:1      | funkygono the Hill Orc Fighter began the quest for the Orb.
     0 | D:1      | Reached XP level 1. HP: 19/19 MP: 1/1
    14 | D:1      | Found Lyur's Jewellery Emporium.
   338 | D:1      | Reached XP level 2. HP: 22/27 MP: 2/2
   657 | D:1      | Reached skill level 4 in Fighting
  1277 | D:2      | HP: 1/27 [poisoned by a goblin]
  1278 | D:2      | Succumbed to a goblin's poison

Illustrated notes

Levels and vault maps discovered:
D:1:      lemuel_arrival_room, layout_basic, serial_shops, shop,
          grunt_decor_arrowhead
D:2:      layout_basic, basic_altar

Skill      XL: |  1  2 |
---------------+-------+-----
Fighting       | 4 |  4.0
Maces & Flails | |  2.6
Armour         | |  3.7
Shields        | |  3.4

Action                   || total
-------------------------++-------
Melee: Flail             ||    69
Armor: Scale mail        ||    10
       Chain mail        ||    26
Dodge: Dodged            ||    18
Block: Kite shield       ||    32

Table legend: (Time is in decaauts)
 A = Elapsed time spent in this place.
 B = Non-inter-level travel time spent in this place.
 C = Inter-level travel time spent in this place.
 D = Time resting spent in this place.
 E = Time spent auto-exploring this place.
 F = Levels seen in this place.
 G = Mean time per level.
                   A        B        C        D        E       F      G
               +--------+--------+--------+--------+--------+-----+--------+
         Total |   1313 |   1197 |    116 |      0 |    992 |   2 |  656.5 |
       Dungeon |   1313 |   1197 |    116 |      0 |    992 |   2 |  656.5 |
               +--------+--------+--------+--------+--------+-----+--------+

Top non-repeatable levels by time:
     D:1: 1262 daAuts
     D:2: 50 daAuts
